 Dungeon Crawl Stone Soup version 0.30-a0-377-g5cb311bc9f (webtiles) character file.

Game seed: 7352657922776751617

123 arthad the Trooper (level 5, -2/33 HPs)
             Began as a Gargoyle Monk on Nov 28, 2022.
             Slain by an iguana (7 damage)
             ... on level 4 of the Dungeon.
             The game lasted 00:05:03 (2493 turns).

arthad the Trooper (Gargoyle Monk)                  Turns: 2493, Time: 00:05:04

Health: -2/33      AC:  6    Str: 17    XL:     5   Next: 7%
Magic:  5/5        EV: 12    Int: 10    God:
Gold:   103        SH:  0    Dex: 12    Spells: 4/4 levels left

rFire   . . .      SeeInvis .    a - +0 hand axe
rCold   . . .      Faith    .    (no shield)
rNeg    + . .      Spirit   .    b - +0 robe
rPois   ∞          Reflect  .    (no helmet)
rElec   +          Harm     .    (no cloak)
rCorr   .          Rampage  .    (no gloves)
Will    .....                    (no boots)
Stlth   ++........               (no amulet)
HPRegen 0.25/turn                (no ring)
MPRegen 0.09/turn                (no ring)

@: no status effects
A: sickness immunity, AC +4, negative energy resistance 1, electricity
resistance, torment resistance 1, petrification resistance
a: no special abilities


You were on level 4 of the Dungeon.
You visited 1 branch of the dungeon, and saw 4 of its levels.

You collected 207 gold pieces.
You spent 104 gold pieces at shops.

Inventory:

Hand Weapons
 a - a +0 hand axe (weapon)
Missiles
 o - 2 javelins (quivered)
Armour
 b - a +0 robe (worn)
Scrolls
 d - 3 scrolls of identify {unknown}
 f - a scroll of enchant weapon {unknown}
 g - a scroll of immolation {unknown}
 h - 5 scrolls of magic mapping {unknown}
 i - 2 scrolls of teleportation {unknown}
 j - 2 scrolls of butterflies {unknown}
Potions
 c - a potion of flight {unknown}
 e - 3 potions of brilliance {unknown}
 k - a potion of might {unknown}
 l - 3 potions of heal wounds
 m - 2 potions of curing
 n - a potion of mutation {unknown}
 p - a potion of haste {unknown}


   Skills:
 * Level 4.1 Fighting
 * Level 3.4 Axes
 + Level 0.6 Armour
 + Level 3.0 Dodging
 + Level 3.4 Stealth


You had 4 spell levels left.
You didn't know any spells.
Your spell library contained the following spells:

 Spells                   Type           Power      Damage    Failure   Level
 Blade Hands              Tmut           0%         N/A       100%        5
 Irradiate                Conj/Tmut      0%         3d11      100%        5
 Dragon Form              Tmut           0%         N/A       100%        7


Dungeon Overview and Level Annotations

Branches:
Dungeon (4/15)
 Temple: D:4-7

Altars:

Shops:
D:2 !


Innate Abilities, Weirdness & Mutations

You are immune to sickness and miasma.
Your stone body is resilient. (AC +4)
You are immune to poison.
You resist negative energy. (rN+)
You are resistant to electric shocks. (rElec)
You are resistant to unholy torment.
You are immune to petrification.


Message History

The iguana is moderately wounded.
The iguana completely misses you.
You closely miss the iguana.
The iguana is moderately wounded.
The iguana bites you!
You hit the iguana but do no damage.
The iguana is moderately wounded.
The iguana bites you! The iguana completely misses you.
You are too injured to fight recklessly!
You are too injured to fight recklessly!
You are too injured to fight recklessly!
You are too injured to fight recklessly!
You are too injured to fight recklessly!
You are too injured to fight recklessly!
You are too injured to fight recklessly!
You are too injured to fight recklessly!
An iguana is nearby!
You hit the iguana.
The iguana is heavily wounded.
The iguana bites you.
You completely miss the iguana.
The iguana is heavily wounded.
The iguana closely misses you.
You hit the iguana but do no damage.
The iguana is heavily wounded.
The iguana closely misses you.
You closely miss the iguana.
The iguana is heavily wounded.
The iguana misses you.
You closely miss the iguana.
The iguana is heavily wounded.
The iguana bites you.
You hit the iguana but do no damage.
The iguana is heavily wounded.
The iguana bites you.
* * * LOW HITPOINT WARNING * * *
You hit the iguana.
The iguana is severely wounded.
The iguana bites you!
You die...

#######.###
........).#
######....#
###.#..#
#...#...#
#.####.#####.#
#........# (#
#..####..#.###
# #@...#
#l#### ...
.$... ##...#.
......# ##.##
# #.#


You could see an iguana.

Vanquished Creatures
  Jessica (D:3)
  2 adders
  3 gnolls (D:2)
  A worm (D:2)
  2 dart slugs
  4 ball pythons
  5 bats
  3 endoplasms
  3 giant cockroaches (D:1)
  5 goblins
  2 hobgoblins
  2 jackals (D:3)
  6 kobolds
  A quokka (D:1)
  3 frilled lizards
  3 rats
46 creatures vanquished.

Notes
Turn   | Place    | Note
-------+----------+-------------------------------------------
     0 | D:1      | arthad the Gargoyle Monk began the quest for the Orb.
     0 | D:1      | Reached XP level 1. HP: 14/14 MP: 1/1
   366 | D:1      | Reached XP level 2. HP: 18/19 MP: 2/2
  1048 | D:2      | Reached XP level 3. HP: 7/24 MP: 3/3
  1306 | D:2      | Found Zyisupte's Distillery.
  1308 | D:2      | HP: 1/24 [gnoll/+0 spear (5)]
  1335 | D:2      | Bought a potion of heal wounds for 65 gold pieces
  1335 | D:2      | Bought a potion of curing for 39 gold pieces
  1552 | D:2      | Reached XP level 4. HP: 26/29 MP: 4/4
  1662 | D:3      | Noticed Jessica
  1671 | D:3      | Killed Jessica
  1672 | D:3      | Reached skill level 4 in Fighting
  2189 | D:3      | Reached XP level 5. HP: 18/33 MP: 5/5
  2493 | D:4      | Slain by an iguana

Illustrated notes

Levels and vault maps discovered:
D:1:      dpeg_arrival_windows_large_door, layout_loops_corners
D:2:      layout_rooms, serial_shops, nicolae_lakefront_shop
D:3:      layout_rooms, nicolae_hexahallways, uniq_jessica
D:4:      layout_loops_ring

Skill      XL: |  1  2  3  4 |
---------------+-------------+-----
Axes           | 3 |  3.4
Stealth        | 3 |  3.4
Fighting       | 4 |  4.1
Dodging        | 3 |  3.0
Armour         | |  0.6

Action                   |  1- 3 |  4- 6 || total
-------------------------+-------+-------++-------
Melee: Hand axe          |   121 |    82 ||   203
  Use: Potion            |     1 |       ||     1
 Stab: Sleeping          |     3 |     5 ||     8
Armor: Robe              |    32 |    21 ||    53
Dodge: Dodged            |    79 |    38 ||   117

Table legend: (Time is in decaauts)
 A = Elapsed time spent in this place.
 B = Non-inter-level travel time spent in this place.
 C = Inter-level travel time spent in this place.
 D = Time resting spent in this place.
 E = Time spent auto-exploring this place.
 F = Levels seen in this place.
 G = Mean time per level.
                   A        B        C        D        E       F      G
               +--------+--------+--------+--------+--------+-----+--------+
         Total |   2522 |   2494 |     28 |    103 |   1954 |   4 |  630.5 |
       Dungeon |   2522 |   2494 |     28 |    103 |   1954 |   4 |  630.5 |
               +--------+--------+--------+--------+--------+-----+--------+

Top non-repeatable levels by time:
     D:1: 933 daAuts
     D:2: 745 daAuts
     D:3: 745 daAuts
     D:4: 97 daAuts
